[Event "*** SCC Grand Prix: Titled Tuesday Blitz"]
[Site "Chess.com"]
[Date "2020.06.23"]
[Round "3"]
[White "WildTricks"]
[Black "BJthechessgod"]
[Result "0-1"]
[WhiteElo "2479"]
[BlackElo "2218"]
[TimeControl "180+1"]
[EndTime "10:27:22 PDT"]
[Termination "BJthechessgod won by resignation"]

1. e4 c5 2. Nf3 Nc6 3. d4 cxd4 4. Nxd4 g6 5. c4 Nf6 6. Nc3 d6 7. Be3 Ng4 8. Nxc6 Nxe3 9. Nxd8 Nxd1 10. Nxf7 Nxc3 11.
Nxh8 Nxe4 12. Bd3 Nc5 13. Bc2 Bg7 14. Nxg6 hxg6 15. Bxg6+ Kd8 16. O-O-O Be6 17. b3 a5 18. Rhe1 Kd7 19. f4 Rf8 20. g3 a4 21. b4 Na6 22.
Bc2 Bxc4 23. Bxa4+ b5 24. Bb3 Nxb4 25. Bxc4 bxc4 26.
Re2 Ra8 27. Rde1 Nd3+ 28. Kb1 Rb8+ 29. Kc2 Rb2+ 30. Kd1 Rb1+ 31. Kd2 Nxe1 32. Rxe1 Bc3+ 33. Kxc3 Rxe1 34. Kxc4 Re2 35. h4 Rxa2 36. g4 Rh2 37.
h5 Rh4 38. Kd4 Rxg4 39. Ke4 0-1

[Event "*** SCC Grand Prix: Titled Tuesday Blitz"]
[Site "Chess.com"]
[Date "2020.06.23"]
[Round "3"]
[White "Micki-taryan"]
[Black "GukeshDommaraju"]
[Result "1-0"]
[WhiteElo "3023"]
[BlackElo "2711"]
[TimeControl "180+1"]
[EndTime "10:27:23 PDT"]
[Termination "Micki-taryan won by resignation"]

1. c4 e6 2. Nc3 d5 3. e3 f6 4. Nf3 c6 5. d4 f5 6. Bd3 Nf6 7. h3 Bd6 8. Qc2 Ne4 9. b3 O-O 10. Bb2 Nd7 11. a3 Ndf6 12. Ne2 b6 13. Ne5 Bb7 14. f3 Ng5 15. Nf4 Qe8 16. O-O Rc8 17. c5 Bxe5 18. dxe5 Nd7 19. b4 Nf7 20. Nxe6 Qxe6 21.
Bxf5 Qe7 22. e6 Nh6 23. exd7 Qxe3+ 24. Qf2 Qxf2+ 25. Kxf2 Rcd8 26. Be6+ Kh8 27. Bd4 Nf5 28. Bxf5 Rxf5 29. Rfe1 Rff8 30. Re7 1-0

[Event "*** SCC Grand Prix: Titled Tuesday Blitz"]
[Site "Chess.com"]
[Date "2020.06.23"]
[Round "3"]
[White "Onischuk_V"]
[Black "EvgenyRomanov"]
[Result "1-0"]
[WhiteElo "2869"]
[BlackElo "2648"]
[TimeControl "180+1"]
[EndTime "10:27:23 PDT"]
[Termination "Onischuk_V won by resignation"]

1. e4 e6 2. d4 d5 3. Nc3 Bb4 4. exd5 exd5 5. Bd3 Nc6 6. a3 Bxc3+ 7. bxc3 Be6 8. Rb1 b6 9. Qf3 Nge7 10. Nh3 Qd7 11. Nf4 Bf5 12. O-O Bxd3 13. cxd3 O-O 14. Re1 Rfe8 15.
Be3 a6 16. Re2 Rad8 17. Rbe1 Ng6 18. Nh5 Re6 19. Bh6 Nh4 20. Qg4 Nf3+ 21. Qxf3 Rxh6 22.
Qg4 g5 23. Qxg5+ Rg6 24. Nf6+ Kg7 25. Qxg6+ hxg6 26. Nxd7 Rxd7 27. Re8 Na5 28. R1e7 1-0

[Event "*** SCC Grand Prix: Titled Tuesday Blitz"]
[Site "Chess.com"]
[Date "2020.06.23"]
[Round "3"]
[White "Fortitudine"]
[Black "CyberneticLion"]
[Result "0-1"]
[WhiteElo "2256"]
[BlackElo "2451"]
[TimeControl "180+1"]
[EndTime "10:27:23 PDT"]
[Termination "CyberneticLion won on time"]

1. d4 d5 2. Nc3 Nf6 3. Bg5 e6 4. e4 dxe4 5. Nxe4 Be7 6. Bxf6 Bxf6 7. Nf3 O-O 8. Qd2 Nc6 9. O-O-O Qe7 10. c3 a5 11. h4 a4 12. g4 Qd8 13. Bd3 Be7 14. g5 Qd5 15. Kb1 f5 16. gxf6 Bxf6 17. Nxf6+ Rxf6 18. Ng5 h6 19. Ne4 Rf7 20. Rhg1 Kh8 21. Rg6 Ne7 22. Rxh6+ gxh6 23. Qxh6+ Rh7 24. Qf8+ Ng8 25.
Rg1 e5 26. Nf6 Bf5 27. Qxa8 Bxd3+ 28. Ka1 Rg7 0-1

[Event "*** SCC Grand Prix: Titled Tuesday Blitz"]
[Site "Chess.com"]
[Date "2020.06.23"]
[Round "3"]
[White "TigrVShlyape"]
[Black "THE_PLAYER6"]
[Result "1-0"]
[WhiteElo "2911"]
[BlackElo "2464"]
[TimeControl "180+1"]
[EndTime "10:27:27 PDT"]
[Termination "TigrVShlyape won by resignation"]

1. d4 d5 2. Nf3 Nf6 3. Bf4 e6 4. e3 c5 5. Nbd2 Nc6 6. c3 Bd6 7. Ne5 O-O 8. Nxc6 bxc6 9. Bxd6 Qxd6 10. Qa4 cxd4 11. cxd4 Rb8 12. Qc2 Qb4 13. Qb3 c5 14.
dxc5 Bd7 15. Qxb4 Rxb4 16. b3 Rc8 17. Rc1 a5 18. Be2 e5 19. O-O e4 20. a3 Rbb8 21. Rc3 Bb5 22. Bxb5 Rxb5 23. Rfc1 Rc6 24. f3 Kf8 25. fxe4 dxe4 26. Kf2 Ke7 27. Rc4 Ke6 28.
b4 axb4 29. axb4 Kd5 30. Rd4+ Ke5 31. Nc4+ Kf5 32. Nd6+ 1-0

[Event "*** SCC Grand Prix: Titled Tuesday Blitz"]
[Site "Chess.com"]
[Date "2020.06.23"]
[Round "3"]
[White "politeplayer"]
[Black "FedaMaster"]
[Result "0-1"]
[WhiteElo "2178"]
[BlackElo "2477"]
[TimeControl "180+1"]
[EndTime "10:27:29 PDT"]
[Termination "FedaMaster won on time"]

1. e4 d5 2. exd5 Qxd5 3. Nc3 Qd6 4. g3 Nf6 5. Bg2 Bg4 6. Nge2 Nc6 7. h3 Bh5 8. d3 e5 9. O-O O-O-O 10. Be3 Nd4 11. g4 Bg6 12. Ng3 h5 13. g5 h4 14. Nge4 Nxe4 15.
Nxe4 Qe6 16. c3 Nf5 17. Qa4 Nxe3 18. fxe3 Qb6 19. d4 Be7 20. Nd2 Bd3 21. Rxf7 Bxg5 22. Re1 Rhe8 23. Rxg7 Bh6 24. Rg4 exd4 0-1

[Event "*** SCC Grand Prix: Titled Tuesday Blitz"]
[Site "Chess.com"]
[Date "2020.06.23"]
[Round "3"]
[White "temus_galaktionov"]
[Black "ARTHURMOTIVATOR"]
[Result "1-0"]
[WhiteElo "2692"]
[BlackElo "2342"]
[TimeControl "180+1"]
[EndTime "10:27:30 PDT"]
[Termination "temus_galaktionov won by resignation"]

1. d4 Nf6 2. Nf3 c5 3. c4 cxd4 4. Nxd4 e5 5. Nf3 Bc5 6. Nc3 Nc6 7. e3 O-O 8. a3 a5 9. Be2 Re8 10. O-O e4 11. Nd4 d5 12. cxd5 Ne5 13. Ndb5 Bg4 14.
Bxg4 Nexg4 15. Qe2 Bd6 16. h3 Ne5 17. Rd1 Kh8 18. Bd2 g5 19. Na4 g4 20. h4 g3 21.
Bc3 gxf2+ 22. Qxf2 Nfg4 23. Qf4 Qxh4 24. Nxd6 f6 25.
Nxe8 Nf3+ 26. gxf3 Qf2+ 27. Kh1 Qh4+ 28. Kg2 Qf2+ 29. Kh3 Rxe8 30. fxg4 1-0

[Event "*** SCC Grand Prix: Titled Tuesday Blitz"]
[Site "Chess.com"]
[Date "2020.06.23"]
[Round "3"]
[White "Munkhzul_Turmunkh"]
[Black "silverback96"]
[Result "1-0"]
[WhiteElo "2623"]
[BlackElo "2277"]
[TimeControl "180+1"]
[EndTime "10:27:31 PDT"]
[Termination "Munkhzul_Turmunkh won by checkmate"]

1. e4 e6 2. d4 d5 3. exd5 exd5 4. Nf3 Bd6 5. Bd3 Nc6 6. c3 Bg4 7. O-O Nge7 8. Re1 Qd7 9. h3 Bh5 10. b4 O-O-O 11. a4 f6 12. a5 Rdg8 13. b5 Nd8 14.
Ba3 g5 15. Bxd6 Qxd6 16. c4 dxc4 17. Bxc4 Nd5 18. Qb3 Bf7 19. Nbd2 g4 20. hxg4 Rxg4 21. Ne4 Qd7 22. b6 Rhg8 23. bxa7 Rxg2+ 24. Kf1 Qh3 25. a8=Q+ Kd7 26. Ne5+ Ke8 27. Qxh3 Nf4 28. Bxf7+ Kf8 29.
Qxd8+ Kg7 30. Qxg8# 1-0

[Event "*** SCC Grand Prix: Titled Tuesday Blitz"]
[Site "Chess.com"]
[Date "2020.06.23"]
[Round "3"]
[White "OhanyanEminChess"]
[Black "KazakhFighter04"]
[Result "1-0"]
[WhiteElo "2528"]
[BlackElo "2761"]
[TimeControl "180+1"]
[EndTime "10:27:33 PDT"]
[Termination "OhanyanEminChess won by resignation"]

1. e4 e5 2. Nc3 Nf6 3. Bc4 Bb4 4. Nge2 O-O 5. O-O c6 6. d3 d5 7. Bb3 d4 8. Nb1 Bd6 9. h3 c5 10. f4 exf4 11. Nxf4 Nc6 12. Nh5 Nxh5 13. Qxh5 Be6 14. Bg5 Qd7 15. Nd2 f6 16. Qg4 f5 17. Rxf5 Rfe8 18. Raf1 Kh8 19. Bxe6 Qxe6 20. Rf8+ Bxf8 21. Rxf8+ Rxf8 22. Qxe6 Rae8 23. Qd7 Nb4 24. Be7 Rg8 25. Bxc5 Nxc2 26. Nc4 1-0

[Event "*** SCC Grand Prix: Titled Tuesday Blitz"]
[Site "Chess.com"]
[Date "2020.06.23"]
[Round "3"]
[White "hermionegrangermagic"]
[Black "LuisFSiles"]
[Result "1-0"]
[WhiteElo "2522"]
[BlackElo "2316"]
[TimeControl "180+1"]
[EndTime "10:27:35 PDT"]
[Termination "hermionegrangermagic won on time"]

1. e4 c5 2. Nf3 d6 3. d4 cxd4 4.
Nxd4 Nf6 5. Nc3 g6 6. Be3 Bg7 7.
f3 O-O 8. Qd2 Nc6 9. O-O-O Be6 10. Kb1 Rc8 11. g4 a6 12. h4 h5 13. gxh5 Nxh5 14. Nxe6 fxe6 15. Bh3 Qd7 16. Rhg1 Kh7 17. Nd5 Ne5 18. Nb6 Qb5 19. Bf1 Nc4 20. Nxc4 Rxc4 21. b3 Qe5 22. c3 Rxc3 23. Rg5 Rxb3+ 24. axb3 Qa1+ 25. Kc2 Qa2+ 26. Kd3 Qxb3+ 27. Ke2 Be5 28. Rxe5 dxe5 29. Kf2 Qa4 30. Qd7 1-0

[Event "*** SCC Grand Prix: Titled Tuesday Blitz"]
[Site "Chess.com"]
[Date "2020.06.23"]
[Round "3"]
[White "Orange_Ghost"]
[Black "jonaszmb"]
[Result "1-0"]
[WhiteElo "2760"]
[BlackElo "2481"]
[TimeControl "180+1"]
[EndTime "10:27:37 PDT"]
[Termination "Orange_Ghost won by checkmate"]

1. d4 d5 2. c4 Bf5 3. cxd5 Bxb1 4. Rxb1 Qxd5 5. e3 Nc6 6. Ne2 e5 7. Nc3 Bb4 8. Bd2 Qd6 9. d5 Nce7 10. Nb5 Bxd2+ 11.
Qxd2 Qb6 12. d6 O-O-O 13. dxe7 Nxe7 14. Qc2 Nd5 15. a3 a6 16. Nc3 Nxc3 17. Qxc3 f6 18. Be2 Kb8 19. O-O h5 20. Bf3 h4 21. Rfd1 h3 22.
gxh3 Rd6 23. Rxd6 cxd6 24. Bg2 Rc8 25. Qd2 Qc5 26. Rd1 Rd8 27. Qd5 f5 28. Qxb7# 1-0

[Event "*** SCC Grand Prix: Titled Tuesday Blitz"]
[Site "Chess.com"]
[Date "2020.06.23"]
[Round "3"]
[White "MuhittinBuker"]
[Black "arvielozano"]
[Result "0-1"]
[WhiteElo "1891"]
[BlackElo "1751"]
[TimeControl "180+1"]
[EndTime "10:27:37 PDT"]
[Termination "arvielozano won on time"]

1. d4 d5 2. c4 e6 3. Nc3 Nf6 4.
Nf3 Bb4 5. Bg5 c6 6. Bxf6 Qxf6 7. e3 O-O 8. a3 Bxc3+ 9. bxc3 c5 10. cxd5 exd5 11.
Be2 Nc6 12. O-O c4 13. Nd2 Bf5 14. Bf3 Rad8 15. e4 dxe4 16. Nxe4 Qg6 17. Ng3 Bc2 18. Qd2 Na5 19. Rae1 Bd3 20. Be2 Nb3 21. Qb2 Rfe8 22. Bxd3 Qxd3 23. Rd1 Qg6 24. h3 h6 25. Rfe1 b6 0-1

[Event "*** SCC Grand Prix: Titled Tuesday Blitz"]
[Site "Chess.com"]
[Date "2020.06.23"]
[Round "3"]
[White "Biranidun"]
[Black "Artem_Koval"]
[Result "1-0"]
[WhiteElo "2739"]
[BlackElo "2427"]
[TimeControl "180+1"]
[EndTime "10:27:38 PDT"]
[Termination "Biranidun won by resignation"]

1. e4 c5 2. Nf3 d6 3. d4 cxd4 4.
Nxd4 f6 5. Nc3 e5 6. Bb5+ Bd7 7. Ne6 Qa5 8. Qd5 Bxb5 9. Qxb5+ Qxb5 10. Nxb5 Na6 11.
Nec7+ Nxc7 12. Nxc7+ Kd7 13. Nxa8 Be7 14. Be3 Nh6 15.
Bxa7 Rxa8 16. Be3 Ng4 17. Bd2 d5 18. f3 Nh6 19. Bxh6 gxh6 20. exd5 Kd6 21. c4 Kc5 22. b3 b5 23. cxb5 Kxb5 24. Ke2 Bc5 25. a4+ Kb4 26. Rhc1 Bd4 27. Rab1 Rd8 28. Rc4+ Ka5 29. b4+ Kxa4 30. b5+ Ka5 31. b6 Bxb6 32. Rc2 Ka6 33. Rc6 Rb8 34. Rxf6 Ka5 35. Kd3 1-0

[Event "*** SCC Grand Prix: Titled Tuesday Blitz"]
[Site "Chess.com"]
[Date "2020.06.23"]
[Round "3"]
[White "mbojan"]
[Black "rugbyclub"]
[Result "1-0"]
[WhiteElo "2592"]
[BlackElo "2140"]
[TimeControl "180+1"]
[EndTime "10:27:38 PDT"]
[Termination "mbojan won by resignation"]

1. e4 c5 2. Nf3 e6 3. d4 cxd4 4. Nxd4 Nc6 5. Nc3 Qc7 6. Be3 a6 7. Qd2 Nf6 8. O-O-O b5 9. Nxc6 dxc6 10. Bf4 e5 11.
Bxe5 Qa5 12. Kb1 b4 13. Bxf6 gxf6 14. Na4 Be6 15. b3 Be7 16. Bc4 Bxc4 17. Qd7+ Kf8 18. Qxc6 Bb5 19. Qxa8+ Kg7 20. Qd5 Rd8 21. Qf5 Qc7 22.
Rxd8 Qxd8 23. Nb2 Qb6 24. Rd1 Bc5 25. f3 Bd4 26. Nc4 Bxc4 27. bxc4 Bc3 28. c5 Qa5 29.
Qd5 Qb5 30. c6 Qb6 31. Qc4 1-0

[Event "*** SCC Grand Prix: Titled Tuesday Blitz"]
[Site "Chess.com"]
[Date "2020.06.23"]
[Round "3"]
[White "timedothwasteme"]
[Black "Pavel_Mir"]
[Result "0-1"]
[WhiteElo "2138"]
[BlackElo "2346"]
[TimeControl "180+1"]
[EndTime "10:27:38 PDT"]
[Termination "Pavel_Mir won by resignation"]

1. e4 e5 2. Nf3 Nc6 3. Bc4 Bc5 4. d3 Nf6 5. O-O h6 6. c3 d6 7.
a4 a5 8. Na3 O-O 9. Nc2 d5 10.
exd5 Nxd5 11. Re1 Re8 12. Ne3 Nf4 13. g3 Nh3+ 14. Kg2 Qf6 15. Nd5 Qf5 16. d4 Bd6 17.
dxe5 Nxe5 18. Bd3 Nxd3 19. Rxe8+ Kh7 20. Ne3 Qg6 21. Nh4 Nhf4+ 22. Kh1 Qf6 23. gxf4 Nxf2+ 0-1

[Event "*** SCC Grand Prix: Titled Tuesday Blitz"]
[Site "Chess.com"]
[Date "2020.06.23"]
[Round "3"]
[White "Yaacovn"]
[Black "Lenyas66"]
[Result "1-0"]
[WhiteElo "2778"]
[BlackElo "2512"]
[TimeControl "180+1"]
[EndTime "10:27:39 PDT"]
[Termination "Yaacovn won by resignation"]

1. d4 e6 2. e3 Nf6 3. Bd3 c5 4. c3 b6 5. f4 Ba6 6. Bxa6 Nxa6 7. Nf3 Be7 8. O-O Nc7 9. Qe2 d5 10. Nbd2 O-O 11. Ne5 Bd6 12. b3 b5 13. Ba3 b4 14.
dxc5 bxa3 15. cxd6 Qxd6 16. c4 Qa6 17. Rfe1 Rfd8 18.
Rac1 dxc4 19. Ndxc4 Ncd5 20. Nxf7 Rd7 21. Nfe5 Rc7 22. e4 Nb4 23. Qd2 Qb7 24. h3 Nxe4 25. Rxe4 Qxe4 26. Qxb4 Qxf4 27. Rf1 Qd4+ 28. Kh1 Rd8 29.
Qxa3 Qe4 30. Qa5 Rdc8 31. Re1 Qh4 32. Qd2 Rf8 33. Qe3 Rf5 34. Nf3 Qf6 35. Qxe6+ Qxe6 36. Rxe6 Rd7 37. Re8+ Kf7 38. Re2 Rd1+ 39. Kh2 Rfd5 40. Ne3 1-0

[Event "*** SCC Grand Prix: Titled Tuesday Blitz"]
[Site "Chess.com"]
[Date "2020.06.23"]
[Round "3"]
[White "Hasangatin_Ramil"]
[Black "simplerXiao"]
[Result "1-0"]
[WhiteElo "2607"]
[BlackElo "2386"]
[TimeControl "180+1"]
[EndTime "10:27:39 PDT"]
[Termination "Hasangatin_Ramil won by resignation"]

1. e4 e6 2. d3 d5 3. Qe2 Be7 4. Nf3 Nf6 5. g3 O-O 6. Bg2 c6 7. O-O c5 8. e5 Nfd7 9. c4 Nc6 10. Re1 Kh8 11. Bf4 Rb8 12. Nc3 Nd4 13. Nxd4 cxd4 14. Nb5 dxc4 15. dxc4 Nc5 16. Nxa7 d3 17. Qd2 Qd4 18. b3 Bd7 19. Be3 Qxe5 20. Bf4 Qd4 21.
Be5 Qg4 22. Bxb8 Rxb8 23. b4 Na6 24. a3 Qd4 25. c5 Nc7 26. Rad1 Nb5 27. Qxd3 Qxd3 28.
Rxd3 Be8 29. Nxb5 Bxb5 30. Rd2 f5 31. Rxe6 1-0

[Event "*** SCC Grand Prix: Titled Tuesday Blitz"]
[Site "Chess.com"]
[Date "2020.06.23"]
[Round "3"]
[White "dcremisi"]
[Black "Rud_Makarian"]
[Result "0-1"]
[WhiteElo "2407"]
[BlackElo "2690"]
[TimeControl "180+1"]
[EndTime "10:27:40 PDT"]
[Termination "Rud_Makarian won by resignation"]

1. d4 Nf6 2. c4 g6 3. Nc3 Bg7 4. e4 d6 5. Nf3 O-O 6. Be2 e5 7. dxe5 dxe5 8. Qxd8 Rxd8 9. Bg5 Re8 10. Nd5 Nxd5 11.
cxd5 c6 12. Bc4 b5 13. Bb3 a5 14. dxc6 Nxc6 15. O-O Nd4 16. Nxd4 exd4 17. Bd5 Rb8 18. Rac1 Bb7 19. Bxb7 Rxb7 20. f3 a4 21. Rfd1 h6 22. Bh4 d3 23. b3 Rd7 24. bxa4 bxa4 25. Be1 Rb8 26. Bc3 Bf8 27. Kf1 Ba3 28. Rb1 Rc8 29.
Bf6 Kh7 30. Kf2 Rc2+ 31. Ke3 g5 32. Rxd3 Bc5+ 33. Bd4 Rxd4 34. Rxd4 Rc3+ 0-1

[Event "*** SCC Grand Prix: Titled Tuesday Blitz"]
[Site "Chess.com"]
[Date "2020.06.23"]
[Round "3"]
[White "EnergeticHay"]
[Black "Lion-Al-Messi"]
[Result "0-1"]
[WhiteElo "2201"]
[BlackElo "2452"]
[TimeControl "180+1"]
[EndTime "10:27:40 PDT"]
[Termination "Lion-Al-Messi won by resignation"]

1. e4 e6 2. d4 d5 3. Nc3 Nf6 4. e5 Nfd7 5. f4 c5 6. Nf3 Nc6 7. Be3 a6 8. Ne2 cxd4 9. Nexd4 Qb6 10. Qc1 Bc5 11. c3 O-O 12. Bd3 f6 13. exf6 Nxf6 14. b4 Bxd4 15. Nxd4 Nxd4 16. Bxd4 Qd8 17. O-O Qe8 18.
Qc2 Qh5 19. Rae1 Bd7 20. Re5 Qh6 21. Rf3 g6 22. Rh3 Qxf4 23. Rf3 Qh6 24. Re1 Ng4 25. h3 Rxf3 26. gxf3 Qxh3 27. fxg4 Qg3+ 28. Kf1 Rf8+ 29. Bf2 Qxg4 30. Qd1 Qh3+ 31. Ke2 e5 32. Rf1 Bg4+ 33. Kd2 Bxd1 34. Kxd1 Qxd3+ 0-1

[Event "*** SCC Grand Prix: Titled Tuesday Blitz"]
[Site "Chess.com"]
[Date "2020.06.23"]
[Round "3"]
[White "boo786"]
[Black "Parhamov"]
[Result "0-1"]
[WhiteElo "2466"]
[BlackElo "3059"]
[TimeControl "180+1"]
[EndTime "10:27:42 PDT"]
[Termination "Parhamov won on time"]

1. e4 c5 2. Nf3 Nc6 3. Bb5 e6 4. Bxc6 bxc6 5. O-O Ne7 6. Re1 f6 7. c3 Ng6 8. d4 Be7 9. Nbd2 O-O 10. Nb3 cxd4 11.
cxd4 a5 12. Be3 a4 13. Nc5 Qa5 14. Rc1 d6 15. Nd3 Bd7 16. Bd2 Qb5 17. Bb4 e5 18.
Ba3 Rfd8 19. h3 Bf8 20. Qd2 Be6 21. Nb4 Rac8 22. d5 cxd5 23. exd5 Bd7 24. Rc2 Rxc2 25. Qxc2 Rc8 26. Qd2 Nf4 27. h4 Bg4 28. Nd4 Qc4 29.
Ndc6 Bh5 30. g3 Ne2+ 31. Kh2 g5 32. hxg5 Bf3 33. Qe3 Qg4 34. Rxe2 Qh5+ 0-1

[Event "*** SCC Grand Prix: Titled Tuesday Blitz"]
[Site "Chess.com"]
[Date "2020.06.23"]
[Round "3"]
[White "olksuna"]
[Black "floplover"]
[Result "1-0"]
[WhiteElo "2597"]
[BlackElo "2217"]
[TimeControl "180+1"]
[EndTime "10:27:42 PDT"]
[Termination "olksuna won by resignation"]

1. e4 c6 2. Ne2 d5 3. e5 c5 4.
d4 Nc6 5. c3 Bf5 6. dxc5 e6 7. b4 a5 8. Nd4 Nxe5 9. Bb5+ Nd7 10. Nxf5 exf5 11. Qxd5 Qe7+ 12. Be3 O-O-O 13. O-O Ne5 14.
Qb3 Nf6 15. bxa5 Ne4 16. a6 Nxc5 17. axb7+ Kb8 18. Bxc5 Qxc5 19. a4 Bd6 20. Nd2 h5 21. a5 h4 22. a6 Ka7 23. h3 g5 24.
Qb4 Qb6 25. Qd4 Bc5 26. b8=Q+ Rxb8 27. Qxe5 Qxb5 28. Qxf5 Qb6 29. Qxf7+ Ka8 30. Ne4 Rbf8 31. Qd5+ 1-0

[Event "*** SCC Grand Prix: Titled Tuesday Blitz"]
[Site "Chess.com"]
[Date "2020.06.23"]
[Round "3"]
[White "LedakovAlexandr"]
[Black "amintabatabaei"]
[Result "0-1"]
[WhiteElo "2453"]
[BlackElo "2808"]
[TimeControl "180+1"]
[EndTime "10:27:43 PDT"]
[Termination "amintabatabaei won by resignation"]

1. d4 Nf6 2. Nf3 d5 3. c4 e6 4. g3 Bb4+ 5. Bd2 Bd6 6. Qc2 O-O 7. Bg2 c6 8. O-O Nbd7 9. Bf4 Bxf4 10. gxf4 Ne4 11.
Nbd2 f5 12. e3 Kh8 13. Nxe4 fxe4 14. Nd2 g5 15. fxg5 Qxg5 16. Kh1 Nf6 17. f3 Rg8 18. Rg1 Qxe3 19. fxe4 Ng4 20. Raf1 Nxh2 21. Nb3 Nxf1 22. Rxf1 Bd7 23. Rf7 Be8 24. Rf3 Qg5 25.
exd5 Bg6 26. Qc3 Be4 0-1

[Event "*** SCC Grand Prix: Titled Tuesday Blitz"]
[Site "Chess.com"]
[Date "2020.06.23"]
[Round "3"]
[White "Gerodot71"]
[Black "theblitzchamp"]
[Result "0-1"]
[WhiteElo "2412"]
[BlackElo "2655"]
[TimeControl "180+1"]
[EndTime "10:27:44 PDT"]
[Termination "theblitzchamp won by resignation"]

1. d4 Nf6 2. c4 g6 3. Nc3 Bg7 4. e4 d6 5. Be2 O-O 6. Be3 e5 7. d5 a5 8. g4 c6 9. h4 cxd5 10. cxd5 Na6 11. f3 Rb8 12. Qd2 Bd7 13. h5 b5 14. h6 Bh8 15. a4 Nc7 16. axb5 Nxb5 17. Bxb5 Bxb5 18. Nxb5 Rxb5 19. Ne2 Qb8 20. Kf2 Rc8 21.
Rhc1 Rxc1 22. Qxc1 Nd7 23. Qc3 Bf6 24. Rxa5 Rxb2 25.
g5 Bd8 26. Ra6 Qb5 27. Qxb2 Qxb2 28.
Ra8 Nb8 29. Kf1 Qb7 30. Ra1 f6 31. gxf6 Bxf6 32. Rc1 Nd7 33. Rc6 Be7 34. Kf2 Kf7 35. Nc3 Qb2+ 36. Ne2 Bh4+ 37. Kf1 Qb1+ 38. Rc1 Qd3 39.
Rc3 Qd1+ 0-1

[Event "*** SCC Grand Prix: Titled Tuesday Blitz"]
[Site "Chess.com"]
[Date "2020.06.23"]
[Round "3"]
[White "LiemLe"]
[Black "AlexOstrovskiy"]
[Result "1-0"]
[WhiteElo "3007"]
[BlackElo "2706"]
[TimeControl "180+1"]
[EndTime "10:27:45 PDT"]
[Termination "LiemLe won by resignation"]

1. d4 e6 2. c4 b6 3. e4 Bb4+ 4. Nc3 Bb7 5. Bd3 f5 6. f3 Qh4+ 7. g3 Qe7 8. Ne2 fxe4 9. fxe4 e5 10. d5 Nf6 11. a3 Bc5 12. b4 Bd4 13. Nxd4 exd4 14.
Nb5 d6 15. O-O O-O 16. Nxd4 Qe5 17. Be3 Re8 18. Nf5 c5 19. Bf4 Qc3 20. Nxd6 Re7 21. Nxb7 Rxb7 22. e5 1-0

[Event "*** SCC Grand Prix: Titled Tuesday Blitz"]
[Site "Chess.com"]
[Date "2020.06.23"]
[Round "3"]
[White "Fh2411"]
[Black "Maghalashvili"]
[Result "0-1"]
[WhiteElo "2528"]
[BlackElo "2791"]
[TimeControl "180+1"]
[EndTime "10:27:45 PDT"]
[Termination "Maghalashvili won by checkmate"]

1. Nf3 c5 2. c4 g6 3. g3 Bg7 4. Bg2 Nc6 5. O-O Nh6 6. Nc3 Nf5 7. d3 b6 8. Rb1 Bb7 9. Bd2 O-O 10. a3 e6 11. b4 cxb4 12. axb4 d5 13. cxd5 exd5 14. b5 Nce7 15. Na2 Rc8 16. e3 Nd6 17. Qa4 Qd7 18. Bb4 a5 19. Ba3 Rfe8 20. Nd2 Nef5 21. Bb2 Bxb2 22. Rxb2 h5 23. h4 Nxe3 24. fxe3 Rxe3 25.
Rf3 Re1+ 26. Nf1 d4 27. Qxd4 Bxf3 28. Bxf3 Rce8 29. Nc3 Qh3 30. Bg2 Qxg3 31. Nd5 Rxf1+ 32. Kxf1 Re1# 0-1

[Event "*** SCC Grand Prix: Titled Tuesday Blitz"]
[Site "Chess.com"]
[Date "2020.06.23"]
[Round "3"]
[White "warmoatmeal"]
[Black "Gahan-MG"]
[Result "0-1"]
[WhiteElo "2312"]
[BlackElo "2511"]
[TimeControl "180+1"]
[EndTime "10:27:46 PDT"]
[Termination "Gahan-MG won by resignation"]

1. Nf3 Nf6 2. g3 g6 3. Bg2 Bg7 4. O-O O-O 5. a3 d5 6. b3 Ne4 7. d4 c5 8. Bb2 Nc6 9. Nbd2 cxd4 10. b4 Nc3 11. Qe1 e5 12. Nb3 a6 13. Bxc3 dxc3 14. Qxc3 d4 15. Qe1 Re8 16. Rd1 Bf5 17.
e4 Bg4 18. h3 Bxf3 19. Bxf3 Rb8 20. Bg2 Rc8 21. Qe2 Qc7 22. Qc4 Na7 23. Qxc7 Rxc7 24.
Rd2 Rc3 25. Nc5 Re7 26. a4 Rc7 27. Rb1 Bf8 28. Nd3 Bd6 29. Rb2 b5 30. a5 f6 31. f4 Kf7 32. f5 Nc6 33. g4 Ra3 34.
Kf1 Ra4 35. Ke2 Nxb4 36. Bf1 Na2 37. Kf3 Nc3 38. Nc1 Ba3 39. Rb1 Nxb1 0-1

[Event "*** SCC Grand Prix: Titled Tuesday Blitz"]
[Site "Chess.com"]
[Date "2020.06.23"]
[Round "3"]
[White "Karateloru"]
[Black "Msb2"]
[Result "0-1"]
[WhiteElo "2616"]
[BlackElo "2832"]
[TimeControl "180+1"]
[EndTime "10:27:47 PDT"]
[Termination "Msb2 won by resignation"]

1. e4 e6 2. e5 d5 3. exd6 Bxd6 4. d4 Nf6 5. Nf3 b6 6. Bd3 Bb7 7. O-O Nbd7 8. Bg5 h6 9. Bh4 c5 10. Bg3 Bxg3 11. hxg3 O-O 12. Nbd2 Qc7 13. c3 Rad8 14. Qe2 Rfe8 15. Nc4 cxd4 16. cxd4 Nf8 17. Nce5 Rc8 18. Rad1 Red8 19. Bb1 Bd5 20. Rfe1 Qb7 21. g4 Bxf3 22. gxf3 N8d7 23. Nxf7 Kxf7 24.
Qxe6+ Kf8 25. Bg6 Nb8 26. g5 hxg5 27. Qh3 Qd5 28. Re6 Rc6 29. Qh8+ Ng8 30. Re5 Qxe5 31.
dxe5 Rxd1+ 32. Kg2 Rxg6 33. Qh7 Kf7 34. Qh5 Ne7 35. Qg4 Nbc6 36. Qc4+ Rd5 0-1

[Event "*** SCC Grand Prix: Titled Tuesday Blitz"]
[Site "Chess.com"]
[Date "2020.06.23"]
[Round "3"]
[White "Titus369"]
[Black "Susal_De_Silva"]
[Result "1-0"]
[WhiteElo "2573"]
[BlackElo "2387"]
[TimeControl "180+1"]
[EndTime "10:27:47 PDT"]
[Termination "Titus369 won by resignation"]

1. e4 e5 2. Nf3 Nc6 3. Bb5 a6 4. Ba4 Nf6 5. O-O Be7 6. d3 b5 7. Bb3 d6 8. a3 O-O 9. Nc3 Bg4 10. Be3 Nb8 11. h3 Bh5 12. Nd5 Nxd5 13. Bxd5 c6 14.
Ba2 Nd7 15. g4 Bg6 16. Nd2 Bg5 17. f4 exf4 18. Bxf4 Bxf4 19. Rxf4 Ne5 20. Qe2 Qh4 21. Kg2 Rae8 22. Raf1 d5 23. Qf2 Qd8 24. exd5 cxd5 25. Qd4 Qc7 26. Bb3 a5 27. a4 bxa4 28. Bxa4 Re7 29. h4 h6 30. h5 Bh7 31. Qxd5 Rfe8 32. Bxe8 Rxe8 33. Nc4 Nxc4 34. Qxc4 Qb7+ 35. Kg1 Qxb2 36.
Qxf7+ 1-0

[Event "*** SCC Grand Prix: Titled Tuesday Blitz"]
[Site "Chess.com"]
[Date "2020.06.23"]
[Round "3"]
[White "Efremov_Vlad"]
[Black "Kumi29"]
[Result "1-0"]
[WhiteElo "2206"]
[BlackElo "2392"]
[TimeControl "180+1"]
[EndTime "10:27:47 PDT"]
[Termination "Efremov_Vlad won by resignation"]

1. d4 e6 2. c4 b6 3. a3 Bb7 4. Nc3 f5 5. d5 Be7 6. g3 Nf6 7. Bg2 O-O 8. Nh3 e5 9. O-O d6 10. Ng5 Bc8 11. b4 a5 12. Bb2 h6 13. Ne6 Bxe6 14. dxe6 c6 15. b5 Qc8 16. bxc6 e4 17. Nd5 Nxc6 18. Nxb6 Qb7 19. Nxa8 Qxb2 20. Nc7 Ne5 21. Nd5 Nxd5 22. cxd5 Rc8 23. Re1 Rc2 24. Bf1 e3 25. f4 Ng4 26. Qb1 Qc3 27. Rc1 Rxc1 28.
Qxc1 Qd4 29. Qd1 Qa7 30. Bg2 Bf6 31. Rb1 h5 32. Qb3 Qd4 33. Bf3 h4 34. Bxg4 fxg4 35. Qd3 Qa4 36. Rb8+ 1-0

[Event "*** SCC Grand Prix: Titled Tuesday Blitz"]
[Site "Chess.com"]
[Date "2020.06.23"]
[Round "3"]
[White "csati17"]
[Black "OK97"]
[Result "0-1"]
[WhiteElo "2619"]
[BlackElo "2838"]
[TimeControl "180+1"]
[EndTime "10:27:49 PDT"]
[Termination "OK97 won by resignation"]

1. c4 e6 2. Nf3 d5 3. g3 Nf6 4.
Bg2 dxc4 5. Na3 Bxa3 6. bxa3 Nc6 7. Qa4 Qd5 8. O-O O-O 9. Nh4 Qc5 10. Bxc6 bxc6 11. Bb2 e5 12. Rac1 Be6 13. Nf3 Nd7 14. d4 exd4 15. Nxd4 Bd5 16. f3 f5 17.
Kg2 Rae8 18. Rf2 Qd6 19. Rd1 Qg6 20. Qxa7 Ne5 21. Qxc7 Ng4 22. Qf4 Ne3+ 0-1